 Dungeon Crawl Stone Soup version 0.30-a0-879-ga8ba668304 (webtiles) character file.

Game seed: 17149374479718029523

2419062 freelancePsychic the Sensei (level 27, 216/222 (243) HPs)
             Began as a Demonspawn Venom Mage on Mar 12, 2023.
             Was the Champion of Ru.
             Escaped with the Orb
             ... and 4 runes on Mar 13, 2023!
             The game lasted 02:35:48 (65890 turns).

freelancePsychic the Sensei (DsVM)                 Turns: 65890, Time: 02:35:48

HP:   216/222 (243) AC: 17    Str: 16    XL:     27
MP:   36/36         EV: 24    Int: 29    God:    Ru [******]
Gold: 8519          SH: 29    Dex: 14    Spells: 6/44 levels left

rFire   + + +      SeeInvis +      - Unarmed
rCold   + + +      Faith    .    Z - +8 tower shield {AC+3}
rNeg    + + .      Spirit   .    I - +2 robe {rC+ rF+}
rPois   .          Reflect  .    y - +3 crown of Dyrovepreva {rElec Int+2 SInv}
rElec   +          Rampage  .    G - scarf {rC+ rF+}
rCorr   +                        e - +3 pair of gauntlets of War {Slay+5}
Will    ++++.                    (boots unavailable)
Stlth   ++                       i - amulet "Xitseluu" {rC- Will+ Regen+ rCorr}
HPRegen 1.37/turn                p - ring of Koghee Cauch {*Corrode Fly rF+ rN+ Will++}
MPRegen 0.25/turn                N - ring "Tewyd" {*Corrode rF+ rC++ rN+ EV+5}

@: flying, studying 2 skills, drained
A: hooves 3, rugged brown scales 3, powered by pain 3, spiny 3, black mark,
inability to drink after injury 2, inability to use devices, cowardly, inability
to train armour, weak-willed 1, bedeviling, aura of silence, thin skeletal
structure 1, clever 1, clumsy 1, screaming 1, strong 1
0: Orb of Zot
}: 4/15 runes: barnacled, silver, abyssal, gossamer
a: Renounce Religion, Draw Out Power, Power Leap, Apocalypse


You escaped.
You worshipped Ru.
Ru was exalted by your worship.
You visited 10 branches of the dungeon, and saw 50 of its levels.
You visited the Abyss 1 time.
You also visited: Desolation.

You collected 9765 gold pieces.
You spent 1246 gold pieces at shops.

Inventory:

Missiles
 Y - 5 throwing nets
Armour
 e - the +3 pair of gauntlets of War (worn) {Slay+5}
   (You found it on level 1 of the Crypt)

   Slay:      It affects your accuracy & damage with ranged weapons and melee
   (+5).
 y - the +3 crown of Dyrovepreva (worn) {rElec Int+2 SInv}
   (You found it on level 3 of the Elven Halls)

   Int:       It affects your intelligence (+2).
   rElec:     It insulates you from electricity.
   SInv:      It lets you see invisible.
 G - a scarf of resistance (worn)
 I - a +2 robe of resistance (worn)
 Z - a +8 tower shield of protection (worn)
Magical Staves
 x - a staff of air
Jewellery
 a - the ring of Daukh {Fly rF- rN+ Dex+10}
   (You found it on level 1 of the Crypt)

   [ring of flight]

   Dex:       It affects your dexterity (+10).
   rF:        It makes you vulnerable to fire.
   rN:        It protects you from negative energy.
   Fly:       It grants you flight.
 i - the amulet "Xitseluu" (around neck) {rC- Will+ Regen+ rCorr}
   (You took it off a deep elf zephyrmancer on level 1 of the Elven Halls)

   [amulet of regeneration]

   rC:        It makes you vulnerable to cold.
   Regen:     It increases your rate of health regeneration.
   rCorr:     It protects you from acid and corrosion.
   Will:      It increases your willpower.
 l - the ring "Ivoss" {rElec rC+ EV+5 Str+2 Int+2}
   (You took it off a deep elf death mage on level 3 of the Elven Halls)

   [ring of evasion]

   EV:        It affects your evasion (+5).
   Str:       It affects your strength (+2).
   Int:       It affects your intelligence (+2).
   rC:        It protects you from cold.
   rElec:     It insulates you from electricity.
 n - a ring of willpower
 p - the ring of Koghee Cauch (left hand) {*Corrode Fly rF+ rN+ Will++}
   (You found it on level 3 of the Elven Halls)

   [ring of flight]

   rF:        It protects you from fire.
   rN:        It protects you from negative energy.
   Fly:       It grants you flight.
   *Corrode:  It may corrode you when you take damage.
   Will:      It greatly increases your willpower.
 E - the ring of Waure {rElec rN+ Dex+4}
   (You found it on level 3 of the Crypt)

   [ring of positive energy]

   Dex:       It affects your dexterity (+4).
   rElec:     It insulates you from electricity.
   rN:        It protects you from negative energy.
 F - the ring of Rarph {rF+ Will- EV+5 Str+5}
   (You found it on level 3 of the Elven Halls)

   [ring of evasion]

   EV:        It affects your evasion (+5).
   Str:       It affects your strength (+5).
   rF:        It protects you from fire.
   Will:      It decreases your willpower.
 J - a ring of protection from cold
 K - the ring "Mazaughopie" {rC+ rN+ Int+2 Dex+3}
   (You found it in the Desolation of Salt)

   [ring of protection from cold]

   Int:       It affects your intelligence (+2).
   Dex:       It affects your dexterity (+3).
   rC:        It protects you from cold.
   rN:        It protects you from negative energy.
 L - the ring of Vymouts {rF+ rC++ Str+2}
   (You found it on level 2 of the Vaults)

   [ring of protection from fire]

   Str:       It affects your strength (+2).
   rF:        It protects you from fire.
   rC:        It greatly protects you from cold.
 N - the ring "Tewyd" (right hand) {*Corrode rF+ rC++ rN+ EV+5}
   (You bought it in a shop on level 2 of the Dungeon)

   [ring of evasion]

   EV:        It affects your evasion (+5).
   rF:        It protects you from fire.
   rC:        It greatly protects you from cold.
   rN:        It protects you from negative energy.
   *Corrode:  It may corrode you when you take damage.
 O - the ring "Berug" {rPois rF+ rC+ Stlth-}
   (You took it off a ragged hierophant in the Desolation of Salt)

   [ring of protection from fire]

   rF:        It protects you from fire.
   rC:        It protects you from cold.
   rPois:     It protects you from poison.
   Stlth:     It makes you less stealthy.
 Q - a ring of protection from cold
 R - a +6 ring of strength
 T - the ring "Potzesa" {rElec rN++ Will- EV+5 Dex+2}
   (You found it on level 1 of the Spider Nest)

   [ring of evasion]

   EV:        It affects your evasion (+5).
   Dex:       It affects your dexterity (+2).
   rElec:     It insulates you from electricity.
   rN:        It greatly protects you from negative energy.
   Will:      It decreases your willpower.
 W - the ring of the Gloaming {rN+ SInv}
   (You found it on level 3 of the Crypt)

   [ring of positive energy]

   rN:        It protects you from negative energy.
   SInv:      It lets you see invisible.
 X - the amulet of the Circus Animal {Faith rF+}
   (You took it off a ragged hierophant in the Desolation of Salt)

   [amulet of faith]

   It allows you to gain divine favour quickly.
   rF:        It protects you from fire.
Scrolls
 b - 2 scrolls of brand weapon
 d - 9 scrolls of noise
 f - 8 scrolls of fear
 g - 16 scrolls of amnesia
 k - 17 scrolls of teleportation {@r4}
 o - 5 scrolls of silence
 u - 11 scrolls of fog
 v - 7 scrolls of enchant armour
 A - 5 scrolls of blinking
 H - 12 scrolls of poison
 P - 8 scrolls of magic mapping
 U - 4 scrolls of immolation
 V - 7 scrolls of enchant weapon
Potions
 c - 10 potions of brilliance
 h - 2 potions of cancellation
 j - 4 potions of might
 m - 23 potions of curing {@q1}
 q - 4 potions of resistance
 r - 3 potions of berserk rage
 s - 7 potions of magic
 t - 6 potions of lignification
 w - 8 potions of flight
 z - 15 potions of heal wounds {@q2}
 B - 2 potions of mutation
 C - 8 potions of ambrosia
 D - 2 potions of attraction
 M - 4 potions of haste {@q3}
 S - 3 potions of invisibility


   Skills:
 + Level 21.1 Fighting
 + Level 16.5 Dodging
 - Level 10.0 Stealth
 - Level 20.0 Shields
 * Level 23.6 Unarmed Combat
 - Level 9.1 Spellcasting
 - Level 14.5 Transmutations
 - Level 8.1 Air Magic
 - Level 12.2 Earth Magic
 - Level 11.5 Poison Magic


You had 6 spell levels left.
You knew the following spells:

 Your Spells              Type           Power      Damage    Failure   Level
a - Ignite Poison         Fire/Tmut/Pois 59%        N/A       1%          3
b - Eringya's Noxious Bo  Tmut/Pois      36%        N/A       6%          6
c - Statue Form           Tmut/Erth      49%        N/A       5%          6
d - Passwall              Tmut/Erth      61%        N/A       1%          2
e - Poisonous Vapours     Pois/Air       100%       N/A       1%          2
f - Olgreb's Toxic Radia  Pois           69%        N/A       1%          4
g - Sting                 Tmut/Pois      100%       1d8       1%          1
h - Storm Form            Tmut/Air       34%        N/A       56%         7
i - Wereblood             Tmut           77%        N/A       1%          2
j - Lee's Rapid Deconstr  Erth           35%        3d18*     1%          5

Your spell library contained the following spells:

 Spells                   Type           Power      Damage    Failure   Level
 Beastly Appendage        Tmut           100%       N/A       1%          1
 Sandblast                Erth           100%       2d20      1%          1
 Cigotuvi's Dreadful Rot  Necr/Pois/Air  100%       N/A       1%          2
 Mephitic Cloud           Conj/Pois/Air  50%        N/A       1%          3
 Spider Form              Tmut/Pois      73%        N/A       1%          3
 Stone Arrow              Conj/Erth      96%        3d13      1%          3
 Swiftness                Air            57%        N/A       1%          3
 Alistair's Intoxication  Tmut/Pois      48%        N/A       1%          5
 Blade Hands              Tmut           38%        N/A       1%          5
 Static Discharge         Conj/Air       72%        2-5/arc   2%          2
 Airstrike                Air            28%        2d(5-21)  3%          4
 Vhi's Electric Charge    Tloc/Air       72%        N/A       4%          3
 Ice Form                 Ice/Tmut       53%        N/A       4%          4
 Animate Armour           Summ/Erth      96%        N/A       7%          4
 Leda's Liquefaction      Hex/Erth       32%        N/A       7%          4
 Freeze                   Ice            52%        1d6       9%          1
 Kiss of Death            Conj/Necr      52%        2d9       9%          1
 Magic Dart               Conj           52%        1d5       9%          1
 Slow                     Hex            76%        N/A       9%          1
 Kindle Blastsparks       Fire/Tloc/Air  56%        2d14      9%          3
 Irradiate                Conj/Tmut      26%        3d20      12%         5
 Yara's Violent Unravell  Hex/Tmut       35%        3d14      12%         5
 Ensorcelled Hibernation  Hex/Ice        38%        N/A       13%         2
 Lesser Beckoning         Tloc           26%        N/A       13%         2
 Scorch                   Fire           26%        2d6       13%         2
 Searing Ray              Conj           26%        2d5       13%         2
 Sublimation of Blood     Necr           13%        N/A       13%         2
 Summon Lightning Spire   Summ/Air       36%        N/A       16%         4
 Borgnjor's Vile Clutch   Necr/Erth      24%        N/A       19%         5
 Call Canine Familiar     Summ           13%        N/A       26%         3
 Confusing Touch          Hex            19%        N/A       26%         3
 Dazzling Flash           Conj/Hex       38%        N/A       26%         3
 Frozen Ramparts          Ice            26%        1d4       26%         3
 Gell's Gravitas          Tloc           13%        N/A       26%         3
 Hailstorm                Conj/Ice       13%        3d5       26%         3
 Inner Flame              Hex/Fire       19%        N/A       26%         3
 Portal Projectile        Hex/Tloc       38%        N/A       26%         3
 Teleport Other           Tloc           13%        N/A       26%         3
 Tukima's Dance           Hex            19%        N/A       26%         3
 Vampiric Draining        Necr           13%        2d6       26%         3
 Arcjolt                  Conj/Air       18%        1d28      41%         5
 Lightning Bolt           Conj/Air       18%        1d32      41%         5
 Silence                  Hex/Air        26%        N/A       41%         5
 Freezing Cloud           Conj/Ice/Air   14%        6-21      63%         5
 Anguish                  Hex/Necr       9%         N/A       65%         4
 Flame Wave               Conj/Fire      13%        2d6       65%         4
 Fulminant Prism          Conj/Hex       9%         3d7       65%         4
 Iskenderun's Mystic Bla  Conj/Tloc      13%        2d5       65%         4
 Manifold Assault         Tloc           13%        N/A       65%         4
 Passage of Golubria      Tloc           13%        N/A       65%         4
 Sticky Flame             Conj/Fire      13%        2d4       65%         4
 Summon Ice Beast         Ice/Summ       13%        N/A       65%         4
 Iron Shot                Conj/Erth      24%        9d5       71%         6
 Agony                    Necr           13%        N/A       94%         5
 Fireball                 Conj/Fire      6%         3d5       94%         5
 Iskenderun's Battlesphe  Conj           13%        2d7       94%         5
 Summon Forest            Summ/Tloc      6%         N/A       94%         5
 Summon Mana Viper        Hex/Summ       19%        N/A       94%         5
 Conjure Ball Lightning   Conj/Air       18%        3x3d6     94%         6
 Dispersal                Tloc           6%         N/A       100%        6
 Simulacrum               Ice/Necr       6%         N/A       100%        6
 Summon Cactus Giant      Summ           6%         N/A       100%        6
 Dragon Form              Tmut           38%        N/A       19%         7
 Enfeeble                 Hex            9%         N/A       100%        7
 Malign Gateway           Summ/Tloc      6%         N/A       100%        7
 Monstrous Menagerie      Summ           6%         N/A       100%        7
 Spellforged Servitor     Conj/Summ      6%         N/A       100%        7
 Summon Hydra             Summ           6%         N/A       100%        7
 Borgnjor's Revivificati  Necr           6%         N/A       100%        8
 Disjunction              Tloc           6%         N/A       100%        8
 Maxwell's Capacitive Co  Air            28%        ∞         100%        8
 Necromutation            Tmut/Necr      26%        N/A       100%        8
 Chain Lightning          Conj/Air       18%        3d24      100%        9
 Death's Door             Necr           6%         N/A       100%        9
 Fire Storm               Conj/Fire      6%         8d2       100%        9
 Shatter                  Erth           35%        3d28*     100%        9


Dungeon Overview and Level Annotations

Branches:
Dungeon (15/15)            Temple (0/1) D:7            Lair (5/5) D:8
 Shoals (4/4) Lair:2       Spider (4/4) Lair:2        Slime (0/5) Lair:5
    Orc (2/2) D:11            Elf (3/3) Orc:2        Vaults (5/5) D:14
  Crypt (3/3) Vaults:2       Tomb (0/3) Crypt:3      Depths (4/4) D:15
    Zot (5/5) Depths:4    Desolation (visited)

Altars:
Cheibriados
Dithmenos
Fedhas
Gozag
Kikubaaqudgha
Makhleb
Nemelex Xobeh
Okawaru
Ru
Sif Muna
Trog
Uskayaw
Vehumet
Wu Jian
Yredelemnul
Lugonu

Shops:
D:2 =   D:4 (   D:8 (   D:13 *   Orc:1 [   Orc:2 ?[[=   Elf:1 (   Shoals:4 *
Vaults:3 :   Crypt:2 **

Portals:
Hell: Depths:1 Depths:2 Depths:3 Depths:4
Abyss: Lair:5 Depths:1 Depths:3 Depths:4
Pandemonium: Depths:1 Depths:2
Ziggurat: Depths:4

Annotations:
D:2 exclusion: rat, Sigmund
D:5 2 runed translucent doors, Firecrotchwizard's ghost, novice VSMo
Lair:2 exclusion: hydra
Shoals:2 Roxanne
Elf:2 3 runed translucent doors
Vaults:1 1 transporter, Reyb's ghost, veteran DsGl
Crypt:2 3 runed translucent doors, exclusion: obsidian statue, Pimiptod's ghost, adept MiFi


Innate Abilities, Weirdness & Mutations

You have hooves in place of feet.
You are completely covered in rugged brown scales. (AC +3, +7% HP)
You are powered by pain.
You are completely covered in sharp spines.
Your melee attacks may debilitate your foes.
You sometimes lose the ability to drink potions when taking damage.
You cannot study or use magical devices.
Your cowardice makes you less effective in combat with threatening foes.
You cannot train Armour skill.
You are slightly weak-willed. (Will-)
Your hexes are more powerful.
You are surrounded by an aura of silence.
You have a somewhat thin skeletal structure. (Dex +2, Stealth+)
Your mind is acute. (Int +4, Str/Dex -1)
You are clumsy. (Dex -2)
You occasionally shout uncontrollably at your foes.
Your muscles are strong. (Str +4, Int/Dex -1)


Message History

There is a stone staircase leading up here.
The hellion gestures at you.
The sphere of damnation explodes!
The damnation engulfs you!!!
You fly upwards.
Level annotation: exclusion: rat, Sigmund
There is a stone staircase leading down here.
(D) Dungeon (T) Temple (L) Lair (A) Shoals (N) Spider Nest (M) Slime Pits (O) Orcish Mines (E) Elven Halls (V) Vaults (C) Crypt (W) Tomb (U) Depths (H) Hell (Z) Zot
Where to? (Enter - D:1 @ (x,y), ? - help)
There is a stone staircase leading up here.
You fly upwards.
There is a stone staircase leading down here.
A balrug and 4 sun demons come into view.
The balrug is wielding a +2 demon whip of venom.
Unknown command.
The sun demon shouts! x2
A hell beast comes into view.
You redirect the balrug's attack!
You reach down and open the door.
The sun demon attacks as you move away! You block the sun demon's attack.
There is an open door here.
The sun demon attacks as you move away!
The sun demon is stunned by your conviction and fails to attack.
The balrug gestures at you. Something smites you!
You block the sun demon's attack.
The balrug begins to attack, but is stunned by your conviction!
The sun demon attacks as you move away! You block the sun demon's attack.
You redirect the balrug's attack!
The balrug gestures at the sun demon.
The sticky flame hits the sun demon.
The sun demon completely resists.
The sun demon is covered in liquid flames!
The sun demon attacks as you move away! You block the sun demon's attack.
The sun demon attacks as you move away! You block the sun demon's attack.
The sun demon barely misses you.
There is a staircase leading out of the dungeon here.
You block the sun demon's attack.
You have escaped!

......#....#####'#........#
......###.)...##.##......##
....>.###...#.##.##......#
..............#...#......#
......####....#...#......#
...3..##.....##...##.....######
.........#####..8..#####......#
.......####.[.........###†....#
........'3....83@.8.....'.....#
.......3###..3.3......###.....#
........2#####..8..#####......#
.............##...##...########
...........#..#...#.......#
..............#...#.......#
..............##.##.......#
..##..........##.##.......#
.†..........(..#'#........#


You could see 4 sun demons.

Vanquished Creatures
  10 dread liches
  Tiamat (Zot:3)
  4 orbs of fire (Zot:5)
  3 ancient liches
  A juggernaut (Depths:2)
  Sojobo (Depths:1)
  Josephina (Zot:3)
  Boris (D:13)
  3 Killer Klowns (Zot:5)
  Xtahua (Depths:4)
  Bai Suzhen (Shoals:3)
  Saint Roka (Depths:2)
  6 caustic shrikes
  2 curse toes (Crypt:3)
  13 golden dragons
  Nikola (Shoals:2)
  the Enchantress (Depths:3)
  5 bone dragons
  2 electric golems (Zot:5)
  A profane servitor (Abyss:4)
  A Brimstone Fiend (Zot:5)
  A walking crystal tome (Depths:1)
  14 tentacled monstrosities
  Rupert (Lair:4)
  26 Orb Guardians (Zot:5)
  An Ice Fiend (Zot:5)
  5 titans
  6 liches
  2 walking divine tomes
  2 deep elf blademasters (Elf:3)
  5 quicksilver dragons
  Asterion (Vaults:3)
  2 deep elf master archers (Elf:3)
  A walking frostbound tome (Depths:3)
  6 ancient champions
  2 Executioners
  4 sphinxes
  6 tentacled starspawn
  4 tengu reavers
  4 death cobs
  Polyphemus (Shoals:2)
  Agnes (Spider:1)
  Kirke (Shoals:2)
  18 shadow dragons
  Donald (Vaults:3)
  A revenant (Crypt:1)
  19 storm dragons
  6 draconian monks
  A demonspawn warmonger (D:13)
  3 emperor scorpions
  Ilsuiw (Shoals:2)
  6 fire giants
  5 deep elf sorcerers
  4 draconian knights
  Louise (Spider:1)
  3 iron dragons
  19 vault wardens
  A balrug (D:13)
  7 frost giants
  Aizul (Spider:1)
  An imperial myrmidon (Desolation)
  An angel (Abyss:4)
  5 ghost moths
  4 draconian scorchers
  4 draconian shifters
  8 draconian annihilators
  A broodmother (Spider:4)
  2 curse skulls
  6 spriggan defenders
  7 deep elf elementalists
  10 ghouls
  2 demonspawn blood saints (D:13)
  An orc warlord (Vaults:3)
  32 very ugly things
  7 draconian stormcallers
  A caustic shrike skeleton (Crypt:3)
  15 ironbound preservers
  The ghost of Pixtaico the Unseen, an adept FeNe of Elyvilon (Vaults:3)
  4 war gargoyles
  A reaper (Crypt:2)
  16 stone giants
  17 black draconians
  7 vampire knights
  8 deep elf demonologists
  10 green draconians
  5 ironbound thunderhulks
  Azrael (D:14)
  13 white draconians
  12 yellow draconians
  5 deep elf annihilators
  12 purple draconians
  14 red draconians
  10 dire elephants
  2 halazid warlocks (Desolation)
  9 eidola
  A minotaur (Shoals:2)
  6 spark wasps
  A blizzard demon (Abyss:3)
  9 deep elf death magi
  5 crystal guardians
  A fire dragon (shapeshifter) (Depths:2)
  9 jiangshi
  6 merfolk javelineers
  11 ettins
  5 fire dragons
  9 entropy weavers
  14 merfolk impalers
  14 yaktaur captains
  2 hydras
  4 rakshasas
  4 great orbs of eyes
  A hydra (shapeshifter) (Vaults:5)
  3 deep elf high priests
  37 vault guards
  6 ice dragons
  2 spriggan air magi
  4 ragged hierophants (Desolation)
  7 peacekeepers
  A merfolk avatar (Shoals:4)
  3 quicksilver dragon skeletons
  6 servants of whispers (Desolation)
  A spriggan skeleton (Crypt:2)
  Erolcha (Orc:2)
  A jorogumo (Spider:3)
  A radroach (shapeshifter) (Depths:4)
  3 centaur warriors
  6 radroaches
  A death knight (Crypt:1)
  4 catoblepae
  2 ogre magi
  6 two-headed ogres
  10 merfolk aquamancers
  Erica (Orc:1)
  3 boulder beetles
  4 hell hogs (D:13)
  5 ironbound frosthearts
  An alligator snapping turtle (Shoals:4)
  6 tengu warriors
  9 deep troll shamans
  2 satyrs
  2 death yaks (Shoals:2)
  5 deep troll earth magi
  11 thrashing horrors
  14 dancing weapons
  7 hell knights
  6 vampire magi
  An orc high priest (Elf:1)
  4 spriggan berserkers
  Urug (Orc:1)
  A wretched star (Abyss:4)
  4 soul eaters
  2 sun demons (Depths:2)
  Nergalle (Orc:2)
  12 deep elf knights
  4 iron trolls
  6 skysharks
  3 sixfirhies
  2 shadow wraiths
  8 pharaoh ants
  38 skeletal warriors
  A bunyip zombie (Crypt:2)
  10 flayed ghosts
  12 sea snakes
  53 deep trolls
  9 orb spiders
  4 glowing orange brains
  A quicksilver dragon simulacrum (Zot:3)
  A bunyip skeleton (Crypt:3)
  9 deep elf archers
  9 steelbarb worms
  4 wizards
  2 bog bodies
  16 phantasmal warriors
  13 lindwurms
  2 orange crystal statues
  4 necromancers
  5 orc knights
  25 harpies
  A swamp dragon (Zot:2)
  25 deep elf pyromancers
  A mana viper (shapeshifter) (Vaults:5)
  14 manticores
  19 ironbound convokers
  An eleionoma zombie (Crypt:2)
  17 deep elf zephyrmancers
  9 orc sorcerers
  5 oklob plants (Zot:2)
  A fire giant zombie (Vaults:3)
  41 ugly things
  17 wolf spiders
  A moth of wrath (shapeshifter) (D:12)
  A faun (shapeshifter) (Depths:4)
  33 moths of wrath
  9 fauns
  A goliath frog skeleton (Crypt:1)
  2 rust devils
  14 elephants (Lair:5)
  A stone giant zombie (Vaults:3)
  18 merfolk sirens
  9 cyclopes
  A fire giant skeleton (Depths:2)
  5 water nymphs
  A naga zombie (Crypt:3)
  Maurice (D:10)
  4 black mambas
  3 salamanders (Abyss:4)
  2 black mambas (shapeshifter)
  A guardian serpent (shapeshifter) (Elf:3)
  15 vault sentinels
  11 torpor snails
  4 guardian serpents
  A centaur zombie (Crypt:3)
  4 smoke demons
  4 gargoyles
  9 cane toads
  3 demonic crawlers
  A stone giant skeleton (Vaults:3)
  An orange demon (Abyss:4)
  2 molten gargoyles (Desolation)
  2 grey draconian zombies (Crypt:3)
  A cane toad (shapeshifter) (Elf:2)
  5 rime drakes
  A hellion (Depths:2)
  20 yaktaurs
  A yaktaur (shapeshifter) (Vaults:5)
  2 komodo dragons (shapeshifter)
  A bunyip simulacrum (Crypt:2)
  A death yak zombie (Crypt:1)
  3 ancient zymes
  7 komodo dragons
  A red devil (D:13)
  4 freezing wraiths
  A hydra zombie (Crypt:2)
  A silent spectre (Abyss:4)
  3 ice devils
  4 tengu conjurers
  4 guardian mummies (Crypt:3)
  A catoblepas skeleton (Crypt:1)
  21 merfolk
  8 trolls
  A tengu simulacrum (Vaults:3)
  12 meliai
  2 hellwings (Depths:2)
  7 raiju
  16 tarantellas
  5 wind drakes
  3 polar bears
  5 hornets
  18 blink frogs
  2 ettin zombies
  12 snapping turtles
  A draconian simulacrum (Zot:3)
  A frost giant simulacrum (Vaults:4)
  4 dream sheep (Shoals:3)
  42 saltlings (Desolation)
  40 slime creatures
  2 boulder beetle zombies
  4 ynoxinuls
  26 jumping spiders
  An elf skeleton (Vaults:3)
  An ettin skeleton (Abyss:4)
  3 air elementals
  17 culicivoras
  4 flying skulls (Crypt:1)
  A centaur simulacrum (Crypt:3)
  5 spriggans
  7 wraiths
  9 basilisks
  24 water elementals
  5 wyverns
  70 yaks
  3 humans
  An alligator skeleton (Crypt:3)
  57 redbacks
  7 fire elementals
  A steam dragon (D:9)
  4 chaos spawn
  A human simulacrum (Vaults:4)
  6 vampire mosquitoes
  Menkaure (D:6)
  A swamp worm (shapeshifter) (Vaults:5)
  A warg (Elf:1)
  A purple draconian simulacrum (Zot:3)
  A deep troll zombie (Crypt:3)
  A wind drake skeleton (Crypt:1)
  A naga (Abyss:4)
  3 acid dragons
  10 large abominations
  2 moth of wrath simulacra (Zot:3)
  A hell hound (D:14)
  17 water moccasins
  2 floating eyes
  16 orc warriors
  An entropy weaver zombie (Crypt:1)
  3 sky beasts
  7 ice beasts
  4 black bears
  A lindwurm zombie (Crypt:3)
  A swamp dragon skeleton (Crypt:2)
  4 boggarts (Vaults:1)
  12 centaurs
  3 wolves (D:8)
  9 ogres
  13 small abominations
  15 starcursed masses
  A lindwurm skeleton (Crypt:2)
  2 phantoms
  5 kobold brigands
  12 bullfrogs
  A bullfrog (shapeshifter) (Vaults:5)
  A gnoll sergeant (D:9)
  A komodo dragon zombie (Crypt:1)
  A salamander zombie (Crypt:1)
  2 scorpions
  5 necrophages
  An earth elemental (Elf:3)
  10 killer bees
  9 electric eels
  A howler monkey (shapeshifter) (Depths:2)
  A vampire bat (Lair:1)
  2 howler monkeys
  A wolf skeleton (Crypt:2)
  2 hounds
  Crazy Yiuf (D:2)
  6 jellies
  A quasit (Abyss:4)
  11 orc priests
  11 hell rats (Lair:1)
  3 iguanas
  29 orc wizards
  2 lightning spires (Zot:2)
  A sleepcap (D:6)
  5 gnolls (D:9)
  4 adders
  10 river rats (Lair:1)
  2 shadow imps
  A white imp (D:8)
  3 ufetubi
  A worm zombie (Crypt:2)
  2 worms
  3 dart slugs
  61 orcs
  5 endoplasms
  3 giant cockroaches
  7 hobgoblins
  2 jackals (D:3)
  10 quokkas
  7 ball pythons
  A ball python skeleton (Crypt:3)
  10 bats
  A dart slug zombie (Crypt:2)
  2 frilled lizards (D:1)
  8 goblins
  27 kobolds
  A kobold skeleton (Crypt:3)
  13 rats
  A bush (Lair:3)
  A starspawn tentacle (Abyss:4)
2337 creatures vanquished.

Vanquished Creatures (collateral kills)
  A golden dragon (Zot:1)
  An electric golem (Zot:1)
  A death cob (Zot:1)
  A draconian annihilator (Zot:1)
  2 red draconians (Zot:1)
  A yellow draconian (Zot:1)
  2 deep elf death magi (Elf:3)
  A deep elf high priest (Elf:3)
  A dancing weapon (Elf:3)
11 creatures vanquished.

Vanquished Creatures (others)
  Boris (Depths:4)
  A golden dragon (Zot:2)
  Zenata (Vaults:3)
  A quicksilver dragon (Zot:1)
  A tengu reaver (Depths:2)
  A storm dragon (Depths:4)
  A revenant (Crypt:2)
  A fire giant (Depths:1)
  An imperial myrmidon (Desolation)
  An ironbound preserver (Vaults:2)
  A very ugly thing (Depths:1)
  The ghost of Jimimammeo the Fighter, a journeyman VSFi of Uskayaw (Spider:1)
  3 yellow draconians
  2 red draconians
  A servant of whispers (Desolation)
  2 yaktaur captains (Vaults:5)
  A great orb of eyes (Vaults:2)
  A vault guard (Vaults:5)
  An alligator snapping turtle (Shoals:2)
  A satyr (Shoals:2)
  A naga warrior (Abyss:4)
  A deep troll earth mage (Depths:2)
  2 dancing weapons (Elf:1)
  A thrashing horror (Abyss:4)
  A hell knight (Depths:2)
  A spark wasp zombie (Depths:2)
  A deep troll (Vaults:3)
  A sea snake (Shoals:4)
  A harpy (Shoals:3)
  A phantasmal warrior (Depths:1)
  An ironbound convoker (Vaults:5)
  2 necromancers
  A wolf spider (Spider:1)
  A manticore (Shoals:2)
  An elephant (Lair:5)
  2 black mambas
  A rime drake (Lair:5)
  2 demonic crawlers (Spider:2)
  An orange demon (Depths:2)
  2 yaktaurs (Vaults:2)
  A komodo dragon (Lair:4)
  A polar bear (Lair:5)
  A saltling (Desolation)
  A dream sheep (shapeshifter) (D:14)
  A slime creature (D:12)
  A culicivora (Spider:1)
  A yak (D:8)
  A cane toad zombie (Lair:4)
  An orc warrior (Depths:2)
  An ogre (Orc:2)
  A bullfrog (Lair:2)
  A starcursed mass (Abyss:3)
  An orc wizard (Orc:2)
  A river rat (Lair:1)
  2 orcs
  4 bushes
  20 fungi
  235 plants
  6 starspawn tentacles (Abyss:4)
  5 withered plants (Desolation)
335 creatures vanquished.

Grand Total: 2683 creatures vanquished

Notes
Turn   | Place    | Note
-------+----------+-------------------------------------------
     0 | D:1      | freelancePsychic the Demonspawn Venom Mage began the quest
                  | for the Orb.
     0 | D:1      | Reached XP level 1. HP: 13/13 MP: 3/3
   254 | D:1      | Gained mutation: You are partially covered in rugged brown
                  | scales. (AC +1, +3% HP) [demonic ancestry]
   254 | D:1      | Reached XP level 2. HP: 13/20 MP: 0/5
   760 | D:2      | Found Miazuoko's Jewellery Emporium.
   886 | D:2      | Learned a level 2 spell: Poisonous Vapours
   929 | D:2      | Noticed Sigmund
  1180 | D:2      | Reached skill level 1 in Fighting
  1180 | D:2      | Reached XP level 3. HP: 26/26 MP: 3/6
  1325 | D:2      | Reached skill level 1 in Air Magic
  1443 | D:2      | Found a runed translucent door.
  1444 | D:2      | Noticed Crazy Yiuf
  1771 | D:2      | Killed Crazy Yiuf
  1772 | D:2      | Gained mutation: You are mostly covered in rugged brown
                  | scales. (AC +2, +5% HP) [demonic ancestry]
  1772 | D:2      | Reached XP level 4. HP: 26/33 MP: 0/7
  2001 | D:3      | Found a faded altar of an unknown god.
  2085 | D:3      | Upgraded the game from 0.30-a0-870-gc5d4c5acee to
                  | 0.30-a0-879-ga8ba668304
  2101 | D:3      | Found a burning altar of Makhleb.
  2101 | D:3      | Found a hide-covered altar of Uskayaw.
  2162 | D:3      | Prayed at the altar of an unknown god.
  2162 | D:3      | Became a worshipper of Ru the Awakened
  2168 | D:3      | Gained mutation: You cannot study or use magical devices.
                  | [Ru sacrifice]
  2168 | D:3      | Reached * piety under Ru
  2168 | D:3      | Reached ** piety under Ru
  2897 | D:4      | Gained mutation: You have large cloven feet. [demonic
                  | ancestry]
  2897 | D:4      | Reached XP level 5. HP: 20/39 MP: 1/9
  3170 | D:4      | Found Gacowiq's Weapon Shoppe.
  3336 | D:4      | Noticed a phantom
  3349 | D:4      | Killed a phantom
  3350 | D:4      | Gained mutation: You sometimes gain a little power by
                  | taking damage. [demonic ancestry]
  3350 | D:4      | Reached XP level 6. HP: 44/48 MP: 10/10
  3695 | D:4      | Noticed a sky beast
  3740 | D:4      | Killed a sky beast
  3741 | D:4      | Reached skill level 5 in Poison Magic
  4105 | D:5      | Entered Level 5 of the Dungeon
  4105 | D:5      | Found an ornate altar of the Wu Jian Council.
  4117 | D:4      | Reached XP level 7. HP: 41/54 MP: 4/12
  4184 | D:5      | Found a basalt altar of Yredelemnul.
  4185 | D:5      | Found a bloodstained altar of Trog.
  4186 | D:5      | Found a shadowy altar of Dithmenos.
  4188 | D:5      | Found a snail-covered altar of Cheibriados.
  4192 | D:5      | Found a shimmering blue altar of Sif Muna.
  4550 | D:5      | Learned a level 4 spell: Olgreb's Toxic Radiance
  5153 | D:5      | Found a large runed translucent door.
  5154 | D:5      | Found a large runed translucent door.
  5155 | D:5      | Noticed Firecrotchwizard's ghost (novice VSMo)
  5331 | D:6      | Gained mutation: You sometimes gain power by taking damage.
                  | [demonic ancestry]
  5331 | D:6      | Reached XP level 8. HP: 63/63 MP: 10/14
  5663 | D:6      | Noticed Menkaure
  5671 | D:6      | Found a blossoming altar of Fedhas.
  5688 | D:6      | Reached skill level 5 in Fighting
  5695 | D:6      | Gained mutation: You are partially covered in sharp spines.
                  | [demonic ancestry]
  5695 | D:6      | Reached XP level 9. HP: 70/72 MP: 5/15
  5706 | D:6      | Gained mutation: You occasionally lose the ability to drink
                  | potions when taking damage. [Ru sacrifice]
  5706 | D:6      | Gained mutation: You sometimes lose the ability to drink
                  | potions when taking damage. [Ru sacrifice]
  5706 | D:6      | Reached *** piety under Ru
  5786 | D:6      | Reached skill level 10 in Poison Magic
  5907 | D:6      | Killed Menkaure
  6972 | D:7      | Found a staircase to the Ecumenical Temple.
  7145 | D:7      | Found a sparkling altar of Nemelex Xobeh.
  7313 | D:8      | Gained mutation: You are mostly covered in sharp spines.
                  | [demonic ancestry]
  7313 | D:8      | Reached XP level 10. HP: 84/84 MP: 11/16
  7906 | D:8      | Reached skill level 5 in Air Magic
  8032 | D:8      | Found a staircase to the Lair.
  8066 | D:8      | Gained mutation: Your cowardice makes you less effective in
                  | combat with threatening foes. [Ru sacrifice]
  8066 | D:8      | Reached **** piety under Ru
  8090 | D:8      | Found Geus's Antique Weapon Emporium.
  8311 | D:9      | Identified the +7 long sword of Qehi {freeze, rElec Str+2}
  8636 | D:9      | Reached skill level 5 in Dodging
  8685 | D:9      | Gained mutation: You have hoof-like feet. [demonic
                  | ancestry]
  8685 | D:9      | Reached XP level 11. HP: 93/93 MP: 10/17
  8829 | D:9      | Reached skill level 1 in Transmutations
  8974 | D:9      | Found an iron altar of Okawaru.
  9109 | D:10     | Entered Level 10 of the Dungeon
  9163 | D:10     | Noticed Maurice
  9193 | D:10     | Killed Maurice
  9194 | D:10     | Reached skill level 1 in Earth Magic
 10004 | D:11     | Gained mutation: You are slightly weak-willed. (Will-) [Ru
                  | sacrifice]
 10004 | D:11     | Reached ***** piety under Ru
 10364 | D:11     | Noticed a skeletal warrior
 10379 | D:11     | Identified the +2 leather armour of Pleasant Breezes
                  | {Dex+5}
 10465 | Lair:1   | Entered Level 1 of the Lair of Beasts
 10473 | D:8      | Reached skill level 10 in Fighting
 10675 | Lair:1   | Reached skill level 5 in Transmutations
 10949 | Lair:1   | Reached skill level 5 in Earth Magic
 11387 | Lair:1   | You are sucked into a shaft and drop 1 floor!
 11595 | Lair:2   | Gained mutation: You have hooves in place of feet. [demonic
                  | ancestry]
 11595 | Lair:2   | Reached XP level 12. HP: 72/100 MP: 18/18
 11912 | Lair:2   | Found a hole to the Spider Nest.
 12004 | Lair:2   | Noticed a five-headed hydra
 12022 | Lair:2   | Learned a level 6 spell: Statue Form
 12446 | Lair:1   | Gained mutation: You cannot train Armour skill. [Ru
                  | sacrifice]
 12446 | Lair:1   | Reached ****** piety under Ru
 13251 | Lair:2   | Noticed a six-headed hydra
 14538 | D:2      | Bought the ring "Tewyd" {*Corrode rF+ rC++ rN+ EV+5} for
                  | 859 gold pieces
 15018 | Lair:4   | Noticed Rupert
 15040 | Lair:4   | Killed Rupert
 15164 | Lair:4   | Noticed a catoblepas
 15428 | Lair:4   | Reached XP level 13. HP: 111/111 MP: 8/19
 15851 | Lair:4   | Identified a scroll of acquirement
 15852 | Lair:4   | Acquired Great Wizards, Vol. II
 16493 | Lair:5   | Entered Level 5 of the Lair of Beasts
 19521 | D:11     | Found a staircase to the Orcish Mines.
 19526 | Orc:1    | Entered Level 1 of the Orcish Mines
 19651 | Orc:1    | Noticed Urug
 19670 | Orc:1    | Killed Urug
 19768 | Orc:1    | Found Bamnaf's Antique Armour Shop.
 19774 | Orc:1    | Found a bloodstained altar of Trog.
 19867 | Orc:1    | Noticed Erica
 19883 | Orc:1    | Killed Erica
 19885 | Orc:1    | Reached skill level 10 in Transmutations
 20559 | Orc:2    | Entered Level 2 of the Orcish Mines
 20559 | Orc:2    | Found a staircase to the Elven Halls.
 20589 | Orc:2    | Reached skill level 10 in Earth Magic
 20838 | Orc:2    | Reached XP level 14. HP: 104/104 MP: 16/21
 20865 | Orc:2    | Found Vadd's Antique Armour Shop.
 20889 | Orc:2    | Found a radiant altar of Vehumet.
 20889 | Orc:2    | Noticed Erolcha
 20895 | Orc:2    | Killed Erolcha
 20896 | Orc:2    | Reached skill level 5 in Spellcasting
 20917 | Orc:2    | Noticed Nergalle
 20921 | Orc:2    | Paralysed by an orc sorcerer for 3 turns
 21303 | Orc:2    | Found Tickar's Magic Scroll Boutique.
 21335 | Orc:2    | Found an ancient bone altar of Kikubaaqudgha.
 21359 | Orc:2    | Killed Nergalle
 21745 | Orc:2    | Found Fadaa's Antique Armour Boutique.
 21825 | Orc:2    | Found Ylootz's Jewellery Boutique.
 22392 | Lair:2   | Found a staircase to the Shoals.
 23188 | Lair:5   | Identified the +4 quarterstaff "Yhaycot" {drain, Int+3
                  | Stlth+}
 23404 | Lair:5   | Found a staircase to the Slime Pits.
 24284 | Lair:5   | Found a corrupted altar of Lugonu.
 24284 | Lair:5   | Found a one-way gate to the infinite horrors of the Abyss.
 25321 | D:13     | Found Atisyen's General Store.
 25786 | D:13     | Reached skill level 1 in Unarmed Combat
 26686 | D:13     | Learned a level 6 spell: Eringya's Noxious Bog
 26874 | Spider:1 | Entered Level 1 of the Spider Nest
 26875 | Spider:1 | Noticed Aizul
 26880 | Spider:1 | Reached skill level 2 in Unarmed Combat
 26880 | Spider:1 | Gained mutation: You are completely covered in sharp
                  | spines. [demonic ancestry]
 26880 | Spider:1 | Reached XP level 15. HP: 110/110 MP: 12/24
 26886 | Spider:1 | Killed Aizul
 27212 | Spider:1 | Noticed Louise
 27500 | Spider:1 | Noticed Agnes
 27503 | Spider:1 | Noticed an emperor scorpion
 27507 | Spider:1 | Killed Agnes
 27513 | Spider:1 | Killed an emperor scorpion
 27748 | Spider:1 | Found a transporter.
 27773 | Spider:1 | Found a transporter.
 27775 | Spider:1 | Noticed Jimimammeo's ghost (journeyman VSFi)
 27785 | Spider:1 | Killed Louise
 27786 | Spider:1 | Reached skill level 3 in Unarmed Combat
 29280 | Spider:3 | Reached skill level 4 in Unarmed Combat
 29807 | Spider:3 | Gained mutation: Your body sometimes deteriorates upon
                  | taking damage. [mutagenic glow]
 30500 | Spider:4 | Entered Level 4 of the Spider Nest
 30519 | Spider:4 | Reached XP level 16. HP: 94/138 MP: 0/28
 30767 | Spider:4 | Reached skill level 5 in Unarmed Combat
 31096 | Spider:1 | Killed Jimimammeo's ghost
 31144 | Spider:1 | Identified the ring "Potzesa" {rElec rN++ Will- EV+5 Dex+2}
 31148 | Spider:1 | Identified the +1 cloak of Distant Worlds {rElec rPois
                  | Int+5 Slay-2}
 31283 | Shoals:1 | Entered Level 1 of the Shoals
 32415 | Orc:2    | Bought a shiny buckler for 157 gold pieces
 32869 | Shoals:1 | Learned a level 2 spell: Passwall
 32999 | Shoals:1 | Reached skill level 6 in Unarmed Combat
 33153 | Shoals:2 | Noticed Nikola
 33161 | Shoals:2 | Reached skill level 1 in Shields
 33168 | Shoals:2 | Killed Nikola
 33355 | Shoals:2 | Noticed Polyphemus
 33651 | Shoals:2 | Killed Polyphemus
 33916 | Shoals:2 | Found a hide-covered altar of Uskayaw.
 33921 | Shoals:2 | Identified the +8 arbalest of Toetohib {flame, Fly rF+ rC+
                  | Dex+3}
 33927 | Shoals:2 | Noticed Ilsuiw
 33939 | Shoals:2 | Killed Ilsuiw
 34041 | Shoals:2 | Identified the +3 leather armour of the Engineer {rF+
                  | Stlth+}
 34325 | Shoals:2 | Noticed Kirke
 34334 | Shoals:2 | Killed Kirke
 34379 | Shoals:2 | Identified Roxanne's Handbook of Alteration
 34379 | Shoals:2 | Noticed Roxanne
 34558 | Shoals:3 | Reached skill level 7 in Unarmed Combat
 34616 | Shoals:3 | Reached XP level 17. HP: 147/147 MP: 30/30
 35360 | Shoals:4 | Entered Level 4 of the Shoals
 35360 | Shoals:4 | Noticed Bai Suzhen
 35387 | Shoals:3 | Killed Bai Suzhen
 35775 | Shoals:4 | Reached skill level 5 in Shields
 35870 | Shoals:4 | Reached skill level 8 in Unarmed Combat
 36057 | Shoals:4 | Found Buimn's Bounteous Boutique.
 36146 | Shoals:4 | Bought a scroll of blinking for 150 gold pieces
 36146 | Shoals:4 | Bought a potion of brilliance for 80 gold pieces
 36263 | Shoals:4 | Reached skill level 5 in Stealth
 36499 | Shoals:4 | Identified the +10 war axe "Tacw" {chaos, rCorr Str+6 SInv
                  | Stlth-}
 36505 | Shoals:4 | Reached skill level 9 in Unarmed Combat
 36663 | Shoals:4 | Got a barnacled rune of Zot
 36939 | Shoals:4 | Identified the +5 dagger of Reapportionment {venom, Int+6}
 37396 | Spider:4 | Acquired Iwyad's Omnibus of Nausea
 37402 | Spider:4 | Learned a level 3 spell: Ignite Poison
 37577 | Spider:4 | Lost mutation: Your body sometimes deteriorates upon taking
                  | damage. [potion of mutation]
 37577 | Spider:4 | Gained mutation: You have a pair of small antennae on your
                  | head. [potion of mutation]
 37577 | Spider:4 | Gained mutation: You occasionally shout uncontrollably at
                  | your foes. [potion of mutation]
 37577 | Spider:4 | Gained mutation: Your movements are slightly less
                  | encumbered by armour. (ER -2) [potion of mutation]
 37578 | Spider:4 | Lost mutation: You have a pair of small antennae on your
                  | head. [potion of mutation]
 37578 | Spider:4 | Lost mutation: Your movements are slightly less encumbered
                  | by armour. (ER -2) [potion of mutation]
 37578 | Spider:4 | Lost mutation: You occasionally shout uncontrollably at
                  | your foes. [potion of mutation]
 37578 | Spider:4 | Gained mutation: You expend magic power (3 MP) to
                  | strengthen your wands. [potion of mutation]
 37578 | Spider:4 | Gained mutation: You do not regenerate when monsters are
                  | visible. [potion of mutation]
 37578 | Spider:4 | Gained mutation: You are partially covered in large bone
                  | plates. (SH +4) [potion of mutation]
 37578 | Spider:4 | Gained mutation: Your mind is acute. (Int +4, Str/Dex -1)
                  | [potion of mutation]
 37791 | Spider:4 | Reached skill level 10 in Dodging
 37795 | Spider:4 | Gained mutation: You are completely covered in rugged brown
                  | scales. (AC +3, +7% HP) [demonic ancestry]
 37795 | Spider:4 | Reached XP level 18. HP: 156/157 MP: 27/31
 38137 | Spider:4 | Got a gossamer rune of Zot
 38967 | Elf:1    | Entered Level 1 of the Elven Halls
 39137 | Elf:1    | Reached skill level 10 in Unarmed Combat
 39335 | Elf:1    | Identified the amulet "Xitseluu" {rC- Will+ Regen+ rCorr}
 39346 | Elf:1    | Found Gyteixos's Antique Weapon Boutique.
 39612 | Elf:1    | Got the Codex of Bruises
 39883 | Elf:2    | Lost mutation: You expend magic power (3 MP) to strengthen
                  | your wands. [potion of mutation]
 39883 | Elf:2    | Lost mutation: You are partially covered in large bone
                  | plates. (SH +4) [potion of mutation]
 39883 | Elf:2    | Gained mutation: You passively map a small area around you.
                  | [potion of mutation]
 39883 | Elf:2    | Gained mutation: Your magical capacity is low. (-10% MP)
                  | [potion of mutation]
 39905 | Elf:2    | Paralysed by an orc sorcerer for 5 turns
 40054 | Elf:2    | Found a runed translucent gate.
 40055 | Elf:2    | Found a runed translucent gate.
 40055 | Elf:2    | Found a runed translucent gate.
 40090 | Elf:2    | Reached skill level 11 in Unarmed Combat
 40608 | Elf:3    | Entered Level 3 of the Elven Halls
 40972 | Elf:3    | Reached skill level 12 in Unarmed Combat
 40988 | Elf:3    | Identified the ring "Ivoss" {rElec rC+ EV+5 Str+2 Int+2}
 40988 | Elf:3    | Identified the +4 battleaxe "Puett" {freeze, *Rage Dex+7}
 40988 | Elf:3    | Found the +3 crown of Dyrovepreva {rElec Int+2 SInv}
 41112 | Elf:3    | Identified the ring of Koghee Cauch {*Corrode Fly rF+ rN+
                  | Will++}
 41113 | Elf:3    | Identified the ring of Rarph {rF+ Will- EV+5 Str+5}
 41133 | Elf:3    | Identified the +1 scale mail "Uckui" {Int+3}
 41144 | Elf:3    | Identified the +0 leather armour of Meto Mau {rPois rC-
                  | Int+6}
 41158 | Elf:3    | Gained mutation: Your spells are a little easier to cast,
                  | but a little less powerful. [a cacodemon]
 41163 | Elf:3    | Reached XP level 19. HP: 159/164 MP: 14/28
 41163 | Elf:3    | Lost mutation: Your spells are a little easier to cast, but
                  | a little less powerful. [potion of mutation]
 41163 | Elf:3    | Lost mutation: Your magical capacity is low. (-10% MP)
                  | [potion of mutation]
 41163 | Elf:3    | Gained mutation: Your flesh is cold resistant. (rC+)
                  | [potion of mutation]
 41163 | Elf:3    | Gained mutation: You are covered in fur. (AC +1) [potion of
                  | mutation]
 41343 | Elf:3    | Got Locefisk's Parchment of Ceraunoscopy and Conjury
 41379 | Elf:3    | Reached skill level 15 in Fighting
 41537 | Elf:3    | Identified the +1 scale mail of Cowardice {rPois}
 42269 | D:14     | Noticed Azrael
 42287 | D:14     | Killed Azrael
 42305 | D:14     | Learned a level 2 spell: Wereblood
 42622 | D:14     | Found a gate to the Vaults.
 42697 | D:15     | Entered Level 15 of the Dungeon
 43167 | D:15     | Reached skill level 13 in Unarmed Combat
 43352 | D:15     | Found a staircase to the Depths.
 43635 | Vaults:1 | Entered Level 1 of the Vaults
 43693 | Vaults:1 | Reached skill level 10 in Stealth
 43729 | Vaults:1 | Lost mutation: Your flesh is cold resistant. (rC+) [potion
                  | of mutation]
 43729 | Vaults:1 | Lost mutation: Your mind is acute. (Int +4, Str/Dex -1)
                  | [potion of mutation]
 43729 | Vaults:1 | Lost mutation: You passively map a small area around you.
                  | [potion of mutation]
 43729 | Vaults:1 | Gained mutation: You are vulnerable to heat. (rF-) [potion
                  | of mutation]
 43730 | Vaults:1 | Lost mutation: You are vulnerable to heat. (rF-) [potion of
                  | mutation]
 43730 | Vaults:1 | Lost mutation: You do not regenerate when monsters are
                  | visible. [potion of mutation]
 43730 | Vaults:1 | Lost mutation: You are covered in fur. (AC +1) [potion of
                  | mutation]
 43730 | Vaults:1 | Gained mutation: Your muscles are strong. (Str +4, Int/Dex
                  | -1) [potion of mutation]
 43730 | Vaults:1 | Gained mutation: Your mind is acute. (Int +4, Str/Dex -1)
                  | [potion of mutation]
 43730 | Vaults:1 | Gained mutation: You have a somewhat thin skeletal
                  | structure. (Dex +2, Stealth+) [potion of mutation]
 44131 | Vaults:1 | Learned a level 5 spell: Lee's Rapid Deconstruction
 44153 | Vaults:1 | Identified the +1 robe "Midaikill" {Str+3 Dex+5 Stlth-}
 44434 | Vaults:1 | Found a transporter.
 44434 | Vaults:1 | Found a transporter.
 44434 | Vaults:1 | Noticed Reyb's ghost (veteran DsGl)
 44437 | Vaults:1 | Noticed a dread lich
 45301 | Vaults:2 | Found a staircase to the Crypt.
 45301 | Vaults:2 | Found a basalt altar of Yredelemnul.
 45301 | Vaults:2 | Found an ancient bone altar of Kikubaaqudgha.
 45664 | Vaults:2 | Identified the ring of Vymouts {rF+ rC++ Str+2}
 46076 | Vaults:2 | Paralysed by a great orb of eyes for 2 turns
 46086 | Vaults:2 | Gained mutation: Your hexes are more powerful. [demonic
                  | ancestry]
 46086 | Vaults:2 | Reached XP level 20. HP: 176/176 MP: 29/33
 46195 | Vaults:3 | Noticed Donald
 46208 | Vaults:3 | Killed Donald
 46316 | Vaults:3 | Noticed a dread lich
 46330 | Vaults:3 | Reached skill level 14 in Unarmed Combat
 46330 | Vaults:3 | Paralysed by a dread lich for 5 turns
 46331 | Vaults:3 | Gained mutation: You occasionally shout uncontrollably at
                  | your foes. [a cacodemon]
 46338 | Vaults:3 | Killed a dread lich
 46385 | Vaults:3 | Noticed Asterion
 46401 | Vaults:3 | Killed Asterion
 46508 | Vaults:3 | Identified the +3 arbalest "Beastslayer" {flame, rElec
                  | rN+++ Str+3}
 46573 | Vaults:3 | Found Dariaw's Book Emporium.
 46596 | Vaults:3 | Noticed Zenata
 46623 | Vaults:3 | Killed Zenata
 46644 | Vaults:3 | Paralysed by a great orb of eyes for 2 turns
 46687 | Vaults:3 | Noticed an ancient lich
 46698 | Vaults:3 | Killed an ancient lich
 47176 | Vaults:3 | Found a runed translucent gate.
 47176 | Vaults:3 | Found an ancient bone altar of Kikubaaqudgha.
 47176 | Vaults:3 | Found a runed translucent gate.
 47177 | Vaults:3 | Found a runed translucent gate.
 47178 | Vaults:3 | Noticed Pixtaico's ghost (adept FeNe)
 47352 | Vaults:3 | Killed Pixtaico's ghost
 47358 | Vaults:3 | Identified the +0 cloak of Hyogheh {Str+7}
 47361 | Vaults:3 | Identified the ring of Rosebusch {Ice +Blink Will+ Int-5
                  | Slay+3}
 47400 | Vaults:3 | Identified the +0 plate armour "Xorovego" {*Corrode rElec
                  | rF+++ Slay-4}
 47444 | Vaults:4 | Acquired a staff of air
 47628 | Vaults:4 | Found a crumbling gateway.
 47658 | Desolati | Entered the Desolation of Salt
 47836 | Desolati | Identified the +8 chain mail of Xuacw {Regen+ Str+2}
 47905 | Desolati | Identified the +1 scale mail of Thoughtfulness {Will+++
                  | Dex-4 Stlth+}
 48078 | Desolati | Identified the amulet of the Circus Animal {Faith rF+}
 48079 | Desolati | Identified the ring "Berug" {rPois rF+ rC+ Stlth-}
 48121 | Desolati | Reached XP level 21. HP: 132/187 MP: 34/34
 48142 | Desolati | Got the Grimoire of Grey Abominable Acts
 48192 | Desolati | Identified the ring "Mazaughopie" {rC+ rN+ Int+2 Dex+3}
 48196 | Desolati | Identified the +4 glaive "Ifudd" {protect, Drain rElec
                  | Str+4 Dex+2}
 48205 | Desolati | Learned a level 7 spell: Storm Form
 48213 | Desolati | Gained mutation: You are clumsy. (Dex -2) [mutagenic glow]
 48356 | Desolati | Identified the +8 long sword of Wishauri {vamp, Str+3
                  | Stlth+}
 48365 | Desolati | Got the Incunable of Well-Done Glaciation
 48436 | Desolati | Got the Incunable of the Bonfire and Congelation
 48439 | Desolati | Got Golubria's Atlas of Peregrination
 48850 | Abyss:2  | Cast into level 2 of the Abyss (a wizard)
 48960 | Abyss:2  | Found a corrupted altar of Lugonu.
 49095 | Abyss:4  | Found a corrupted altar of Lugonu.
 49141 | Abyss:4  | Reached skill level 15 in Unarmed Combat
 49345 | Abyss:4  | Got an abyssal rune of Zot
 49483 | Abyss:4  | Noticed a profane servitor
 49495 | Abyss:4  | Killed a profane servitor
 49524 | Vaults:4 | Escaped the Abyss
 49797 | Vaults:4 | Reached skill level 15 in Dodging
 51096 | Depths:1 | Entered Level 1 of the Depths
 51238 | Depths:1 | Found a one-way gate leading to the halls of Pandemonium.
 51279 | Depths:1 | Found an ornate altar of the Wu Jian Council.
 51373 | Depths:1 | Found a gateway to Hell.
 51389 | Depths:1 | Reached skill level 16 in Unarmed Combat
 51549 | Depths:1 | Found an opulent altar of Gozag.
 51636 | Depths:1 | Gained mutation: Your melee attacks may debilitate your
                  | foes. [demonic ancestry]
 51636 | Depths:1 | Reached XP level 22. HP: 196/196 MP: 27/35
 51749 | Depths:2 | Noticed Saint Roka
 51758 | Depths:2 | Noticed a caustic shrike
 51763 | Depths:2 | Killed a caustic shrike
 51763 | Depths:2 | Killed Saint Roka
 51767 | Depths:2 | Identified the ring "Poigoti" {rPois Str+2}
 51769 | Depths:2 | Identified the ring of Morality {Str+6 Int+2 Dex+3}
 51878 | Depths:2 | Noticed Sojobo
 51889 | Depths:1 | Paralysed by an air elemental for 1 turns
 51890 | Depths:1 | Killed Sojobo
 52190 | Depths:2 | Noticed a juggernaut
 52206 | Depths:2 | Killed a juggernaut
 52207 | Depths:2 | Reached skill level 10 in Shields
 52273 | Depths:2 | Identified the +7 halberd "Demonbane" {speed, rF+ rC+
                  | Str+6}
 52381 | Depths:2 | Identified the +3 spear of Zuegif {pain, +Blink rC+ Dex-2}
 52998 | Depths:3 | You fall into a shaft and drop 1 floor!
 52998 | Depths:4 | Entered Level 4 of the Depths
 53004 | Depths:4 | Acquired a book of Iron
 53105 | Depths:3 | Noticed the Enchantress
 53139 | Depths:3 | Killed the Enchantress
 53354 | Depths:3 | Noticed a golden dragon
 53386 | Depths:3 | Killed a golden dragon
 53393 | Depths:3 | Paralysed by a floating eye for 3 turns
 53475 | Depths:3 | Identified the +0 ring mail "Havut" {Str-4 Dex+8}
 54120 | Depths:4 | Noticed a caustic shrike
 54120 | Depths:4 | Noticed a caustic shrike
 54120 | Depths:4 | Noticed a caustic shrike
 54120 | Depths:4 | Noticed a caustic shrike
 54120 | Depths:4 | Noticed a caustic shrike
 54122 | Depths:4 | Killed a caustic shrike
 54123 | Depths:4 | Killed a caustic shrike
 54124 | Depths:4 | Reached XP level 23. HP: 170/170 MP: 22/36
 54124 | Depths:4 | Killed a caustic shrike
 54127 | Depths:4 | Killed a caustic shrike
 54133 | Depths:3 | Killed a caustic shrike
 54222 | Depths:4 | Noticed Boris
 54234 | Depths:4 | Killed Boris
 54320 | Depths:4 | Found a gate to the Realm of Zot.
 54534 | Depths:4 | Found a one-way gateway to a ziggurat.
 54812 | Depths:4 | Noticed Xtahua
 54827 | Depths:4 | Killed Xtahua
 55083 | Depths:4 | Reached skill level 15 in Shields
 55358 | Vaults:5 | Entered Level 5 of the Vaults
 55880 | Vaults:5 | Paralysed by a floating eye for 4 turns
 55882 | Vaults:5 | Identified the ring "Epud" {rPois rF+ rCorr Dex+4}
 55885 | Vaults:5 | Identified the +2 scimitar "Kosatell" {freeze, *Noise
                  | +Blink rF+ Will++}
 56087 | Vaults:5 | Gained mutation: You are surrounded by an aura of silence.
                  | [demonic ancestry]
 56087 | Vaults:5 | Reached XP level 24. HP: 193/193 MP: 28/36
 56145 | Vaults:5 | Identified the +3 broad axe "Jopecae" {heavy, rPois rF+
                  | Str+5 Int-5}
 56145 | Vaults:5 | Identified the +5 robe of Bilur {rElec}
 56223 | Vaults:5 | Acquired 486 gold pieces
 56300 | Vaults:5 | Noticed a dread lich
 56304 | Vaults:5 | Killed a dread lich
 56379 | Vaults:5 | Identified the +0 robe of Mysticism {Will+ Int+2}
 56437 | Vaults:5 | Got a silver rune of Zot
 57345 | Zot:1    | Entered Level 1 of the Realm of Zot
 57767 | Crypt:1  | Entered Level 1 of the Crypt
 57879 | Crypt:1  | Identified the ring of Daukh {Fly rF- rN+ Dex+10}
 57920 | Crypt:1  | Found the +3 pair of gauntlets of War {Slay+5}
 58789 | Crypt:2  | Reached skill level 17 in Unarmed Combat
 58962 | Crypt:2  | Found a runed translucent gate.
 58962 | Crypt:2  | Found a runed translucent gate.
 58962 | Crypt:2  | Found a runed translucent gate.
 58963 | Crypt:2  | Found an opulent altar of Gozag.
 58963 | Crypt:2  | Found Cumeth's Assorted Antiques.
 58964 | Crypt:2  | Noticed Pimiptod's ghost (adept MiFi)
 58977 | Crypt:2  | Found Ixydigg's Assorted Antiques.
 59424 | Crypt:3  | Entered Level 3 of the Crypt
 60092 | Crypt:3  | Found a staircase to the Tomb.
 60144 | Crypt:3  | Found the +8 Vampire's Tooth {megavamp}
 60214 | Crypt:3  | Reached XP level 25. HP: 221/222 MP: 36/36
 60327 | Crypt:3  | Noticed a dread lich
 60327 | Crypt:3  | Noticed a dread lich
 60398 | Crypt:3  | Noticed a dread lich
 60398 | Crypt:3  | Noticed an ancient lich
 60399 | Crypt:3  | Killed an ancient lich
 60400 | Crypt:3  | Reached skill level 18 in Unarmed Combat
 60401 | Crypt:3  | Killed a dread lich
 60402 | Crypt:3  | Killed a dread lich
 60410 | Crypt:3  | Killed a dread lich
 60411 | Crypt:3  | Identified the +10 rapier "Licw" {protect, Dex+4 Stlth+}
 60433 | Crypt:3  | Identified the +5 quarterstaff "Ahestral" {pain, rElec
                  | Str+3 Int-5}
 60439 | Crypt:3  | Identified the ring of Waure {rElec rN+ Dex+4}
 60439 | Crypt:3  | Identified the ring of the Gloaming {rN+ SInv}
 61560 | Zot:2    | Reached skill level 19 in Unarmed Combat
 62144 | Zot:2    | Identified the +6 mace "Zafughuv" {flame, rCorr}
 62319 | Zot:2    | Reached skill level 20 in Unarmed Combat
 62530 | Zot:2    | You are sucked into a shaft and drop 2 floors!
 62785 | Zot:3    | Identified the ring of the Commoners {Ice rPois}
 62785 | Zot:3    | Noticed Josephina
 62798 | Zot:3    | Killed Josephina
 62894 | Zot:3    | Identified the +0 robe of the Haunted Jackalope {Harm rC+}
 62959 | Zot:3    | Found the +4 dragonskin cloak
 62959 | Zot:3    | Noticed Tiamat
 62974 | Zot:3    | Reached skill level 21 in Unarmed Combat
 63006 | Zot:3    | Killed Tiamat
 63741 | Zot:4    | Reached XP level 26. HP: 216/216 MP: 24/36
 63893 | Zot:4    | Reached skill level 22 in Unarmed Combat
 64317 | Zot:5    | Entered Level 5 of the Realm of Zot
 64717 | Zot:5    | Noticed a dread lich
 64725 | Zot:5    | Killed a dread lich
 64737 | Zot:5    | Noticed an ancient lich
 64747 | Zot:5    | Noticed an orb of fire
 64751 | Zot:5    | Killed an ancient lich
 64755 | Zot:5    | Noticed a dread lich
 64759 | Zot:5    | Killed an orb of fire
 64762 | Zot:5    | Killed a dread lich
 64767 | Zot:5    | Noticed an orb of fire
 64777 | Zot:5    | Killed an orb of fire
 64930 | Zot:5    | Reached skill level 23 in Unarmed Combat
 64964 | Zot:5    | Noticed an orb of fire
 64965 | Zot:5    | Noticed a dread lich
 64971 | Zot:5    | Killed an orb of fire
 64972 | Zot:5    | Noticed a dread lich
 64975 | Zot:5    | Killed a dread lich
 64988 | Zot:5    | Killed a dread lich
 65021 | Zot:5    | Noticed an orb of fire
 65022 | Zot:5    | Noticed a dread lich
 65027 | Zot:5    | Killed a dread lich
 65032 | Zot:5    | Killed an orb of fire
 65300 | Zot:5    | Got the Orb of Zot
 65590 | D:13     | Noticed a seraph
 65628 | D:13     | Noticed Boris
 65639 | D:13     | Killed Boris
 65661 | D:13     | Gained mutation: You are powered by pain. [demonic
                  | ancestry]
 65661 | D:13     | Reached XP level 27. HP: 219/219 MP: 36/36
 65794 | D:6      | Noticed Saroifusk the pandemonium lord
 65890 | D:$      | Escaped with the Orb!

Illustrated notes

Levels and vault maps discovered:
D:1:      evilmike_arrival_plus, layout_rooms, kennysheep_small_spiral
D:2:      layout_loops_ring, serial_rivers, chequers_serial_rivers_large_b,
          chequers_serial_rivers_micro_a, chequers_serial_rivers_small_3,
          chequers_serial_rivers_room_b, chequers_serial_rivers_micro_e,
          chequers_serial_rivers_small_b, serial_shops, shop_statue,
          uniq_sigmund, uniq_crazy_yiuf_cottage
D:3:      minmay_angry_zag, layout_loops_ring,
          chequers_temple_overflow_statue_of_worship,
          hellmonk_ecumenical_altar_run_dry, chequers_serial_rivers_micro_b,
          kennysheep_generic_room_15
D:4:      layout_cave_pods, serial_shops, shop, minivault_24
D:5:      layout_rooms, grunt_temple_overflow_open, ebering_ghost_disaster_area
D:6:      layout_cave_pools, overflow_temple_1_default, uniq_menkaure
D:7:      nicolae_whirlpool, layout_gridville, lemuel_round_altar,
          temple_doors_cd, hex_medium
D:8:      layout_basic, hellmonk_lair_entry_icy, serial_shops, shop_fountains
D:9:      layout_cave_pools, kennysheep_okawaru_gauntlet
D:10:     layout_irregular_city, uniq_maurice
D:11:     statuecave_lemuel, layout_gridville, orc_0_dummy, grunt_ministairs_4,
          nrook_campfire
D:12:     layout_irregular_city, minmay_diced_spiral
D:13:     layout_big_octagon, serial_shops,
          nicolae_shop_temple_entry_statues_fountains, dreamdust_princess_bridge
D:14:     layout_rooms, grunt_vaults_entry_fortified, nicolae_triple_integral,
          uniq_azrael
D:15:     hangedman_depths_entry_try_elsewhere_first, layout_basic,
          tso_oasis_becter
Lair:1:   lemuel_ratsnest, layout_big_grid, roderic_batcave, ldierk_geyser,
          serial_bayou_lagoon_a, minivault_23, beast_lair_carwin_8
Lair:2:   nzn_winding_woodlands_cross
          [nzn_winding_woodlands_5x15_pathside_ponds,
          nzn_winding_woodlands_5x15_pool, nzn_winding_woodlands_5x15_jagged,
          nzn_winding_woodlands_5x15_sidewinder,
          nzn_winding_woodlands_15x15_thick_spiral], layout_cave_pods,
          elwin_shoals_entry_rooms, hellmonk_spider_entry_not_the_bees,
          serial_bayou_shore_a
Lair:3:   layout_cave_pods, nicolae_quartered_pool_little
Lair:4:   nzn_motion_control, layout_cave_pods, lemuel_fruit_tree, uniq_rupert
Lair:5:   hellmonk_lair_end_abyssal_woods, layout_cave_shapes,
          minmay_slime_entry_pillars, minmay_hedge_maze,
          infiniplex_staircase_pool
Shoals:1: layout_shoals
Shoals:2: layout_shoals, regret_index_shoals_crete, uniq_polyphemus,
          uniq_roxanne, uniq_ilsuiw, uniq_kirke, uniq_nikola
Shoals:3: cheibrodos_shoals_baths, layout_shoals, hangedman_shoals_cup_caves
Shoals:4: shoals_end_hangedman, layout_shoals, shoal_ilsuiw,
          nicolae_alphabet_shops, uniq_bai_suzhen
Spider:1: layout_spider_delve, gammafunk_ghost_berserking_beasts, uniq_louise,
          uniq_aizul, uniq_agnes
Spider:2: layout_spider_delve, nicolae_spider_cling_halls
Spider:3: layout_spider_delve, nicolae_spider_baby_got_redback
Spider:4: hellmonk_spider_rune_bug_friends, spiders_nest_the_unseen
Orc:1:    layout_caves, basic_altar, serial_shops,
          nicolae_shop_advertising_works [nicolae_subvault_shop_adworks],
          nicolae_orc_rich_vein, uniq_urug, uniq_erica
Orc:2:    kennysheep_orc_mage_school, layout_diamond_mine
Elf:1:    minmay_elf_arrival_circle, layout_loops_cross, serial_shops,
          nicolae_shop_temple_entry_statues_fountains, minmay_elf_annihilation
Elf:2:    nicolae_elf_blades_crystal_corner, layout_gridlike,
          hangedman_elven_pyramids
Elf:3:    elf_hall, layout_geoelf_grid, minmay_misc_feat_five
Vaults:1: gammafunk_ghost_mausoleum, nicolae_vaults_statue_guard,
          nicolae_vaults_ring_of_whatevers, vaults_dpeg_encased_lava,
          hangedman_vaults_corner, hangedman_vaults_stretched_pinwheel,
          vaults_mumra_hexcomb, ontoclasm_vaults_decontamination,
          ontoclasm_vaults_fault, ontoclasm_vaults_ring_small, serial_ice_h,
          vaults_room_door_ring, vaults_dpeg_emergency_exit,
          grunt_vaults_funnel, layout_vaults_omnicross
Vaults:2: minmay_crypt_entry_necro_gods, nicolae_vaults_mini_display_case,
          ontoclasm_vaults_twist, nicolae_vaults_little_squares_2,
          vaults_room_pools, v_misc_3, nicolae_vaults_alarming,
          layout_vaults_quadrants
Vaults:3: gammafunk_ghost_crypt, v_misc_8, vaults_room_octagon,
          nicolae_vaults_yaktaur_gun_rack, v_misc_24, v_alt_pattern_1,
          vaults_room_hallway, vaults_room_door_ring,
          nicolae_vaults_border_crossing, vaults_room_pool,
          ontoclasm_vaults_chip, layout_vaults_ring, serial_shops, shop,
          uniq_asterion, uniq_zenata, uniq_donald
Vaults:4: portal_desolation_entry_nicolae_slug, hangedman_vaults_river_flow,
          v_pattern_1, nicolae_vaults_big_ls, grunt_vaults_diagonal,
          hangedman_vaults_corner_blocks, v_misc_22,
          hangedman_vaults_corner_blocks, hangedman_vaults_slice, v_misc_30,
          hangedman_vaults_cutoff, ontoclasm_vaults_pinch,
          layout_vaults_chaotic_city
Vaults:5
Crypt:1:  layout_regular_city, grunt_crypt_arrival_split
Crypt:2:  layout_misc_corridors, ebering_ghost_gozag
Crypt:3:  david_glass_crypt, layout_gridlike, tomb_entry_simple_bobbens
Depths:1: layout_cave_pools, hell_entry, pan_entry, abyss_entry,
          nicolae_wu_jian_wuxing_cycle, minmay_misc_feat_cross,
          grunt_decor_resistance, grunt_gozag_breadcrumbs
Depths:2: minmay_the_grid_square_5x5_5x5 [minmay_the_grid_square_5x5_six_small,
          minmay_the_grid_square_5x5_v, minmay_the_grid_square_5x5_minivault,
          minmay_the_grid_square_5x5_moneybag,
          minmay_the_grid_square_5x5_three_small,
          minmay_the_grid_square_5x5_mess,
          minmay_the_grid_square_5x5_prize_monsterx,
          minmay_the_grid_square_5x5_shrine2,
          minmay_the_grid_square_5x5_prize_pseudospiral,
          minmay_the_grid_square_5x5_hourglass,
          minmay_the_grid_square_5x5_intrusive_squares,
          minmay_the_grid_square_5x5_inner_z,
          minmay_the_grid_square_5x5_prize_snowflake,
          minmay_the_grid_square_5x5_tetrominoes,
          minmay_the_grid_square_5x5_inverted_slash,
          minmay_the_grid_square_5x5_bridge,
          minmay_the_grid_square_5x5_prize_junk, minmay_the_grid_square_5x5_n,
          minmay_the_grid_square_5x5_prize_rear_guard,
          minmay_the_grid_square_5x5_inset, minmay_the_grid_square_5x5_comb,
          minmay_the_grid_square_5x5_forky,
          minmay_the_grid_square_5x5_checkered_sparse,
          minmay_the_grid_square_5x5_minimal,
          minmay_the_grid_square_5x5_fancy_junction], layout_cave_shapes,
          hell_entry, grunt_pan_entry_sceptre, infiniplex_staircase_pool_2,
          uniq_saint_roka, uniq_sojobo
Depths:3: minmay_crescents, layout_gridlike, serial_sigils_hangedman_gnaw,
          abyss_entry_small_statue_room, hell_entry, uniq_enchantress
Depths:4: grunt_crosshair, layout_gridlike, enter_ziggurat_f, serial_glass,
          glass_columns_c, glass_columns_c, glass_columns_a, glass_columns_a,
          glass_columns_a, glass_columns_a, hell_entry, abyss_entry_glasseish,
          reono_crystal_passage, uniq_boris, uniq_xtahua
Zot:1:    layout_basic, st_small_dragon_hoard_5, st_stairs_9
Zot:2:    evilmike_crystal_ball_defense, layout_gridlike,
          st_large_dragon_hoard_3
Zot:3:    layout_gridlike, grunt_megastairs_5, uniq_josephina, uniq_tiamat
Zot:4:    layout_misc_corridors, drop_trap
Zot:5:    layout_misc_corridors

Skill      XL: |  1  2  3  4  5  6  7  8  9 10 11 12 13 14 15 16 17 18 19 20 21 22 23 24 25 26 |
---------------+-------------------------------------------------------------------------------+-----
Fighting       | 1 2 3 4 5 7 9 10 11 12 13 14 16 17 18 20 21 | 21.1
Air Magic      | 1 2 3 5 7 8 |  8.1
Poison Magic   | 4 5 6 9 11 | 11.5
Spellcasting   | 3 4 6 8 9 |  9.1
Dodging        | 2 5 6 7 10 12 13 15 16 | 16.5
Transmutations | 5 8 10 11 13 14 | 14.5
Earth Magic    | 5 8 10 11 12 | 12.2
Unarmed Combat | 2 4 7 9 12 13 14 16 17 21 23 | 23.6
Shields        | 3 5 6 12 17 19 20 | 20.0
Stealth        | 2 7 8 10 | 10.0

Action                     |  1- 3 |  4- 6 |  7- 9 | 10-12 | 13-15 | 16-18 | 19-21 | 22-24 | 25-27 || total
---------------------------+-------+-------+-------+-------+-------+-------+-------+-------+-------++-------
  Melee: Unarmed           |    12 |       |       |       |   126 |   749 |  1174 |  1444 |   737 ||  4242
         Dagger            |     2 |       |       |       |       |       |       |       |       ||     2
         Quarterstaff      |       |    94 |   116 |   343 |   199 |       |       |       |       ||   752
         Kick              |       |    12 |    35 |    68 |   310 |   353 |   596 |   812 |   412 ||  2598
         Eveningstar       |       |       |       |       |   367 |       |       |       |       ||   367
         Punch             |       |       |       |       |    16 |    11 |       |       |       ||    27
   Cast: Sting             |    51 |     1 |       |       |       |       |       |       |       ||    52
         Poisonous Vapours |     5 |    33 |     9 |       |       |       |     4 |     1 |     3 ||    55
         Olgreb's Toxic Ra |       |       |    21 |    74 |   111 |    13 |     1 |       |     2 ||   222
         Statue Form       |       |       |       |       |    37 |    79 |    71 |    76 |    51 ||   314
         Eringya's Noxious |       |       |       |       |    16 |    59 |    31 |     9 |     9 ||   124
         Ignite Poison     |       |       |       |       |       |    15 |    11 |       |       ||    26
         Wereblood         |       |       |       |       |       |       |    37 |    21 |     5 ||    63
         Lee's Rapid Decon |       |       |       |       |       |       |     3 |       |     3 ||     6
         Storm Form        |       |       |       |       |       |       |     2 |       |       ||     2
         Passwall          |       |       |       |       |       |       |     1 |       |     1 ||     2
 Invoke: Sacrifice Artific |       |     1 |       |       |       |       |       |       |       ||     1
         Sacrifice Drink   |       |       |     1 |       |       |       |       |       |       ||     1
         Sacrifice Courage |       |       |       |     1 |       |       |       |       |       ||     1
         Draw Out Power    |       |       |       |     2 |     2 |     4 |     2 |     1 |     1 ||    12
         Apocalypse        |       |       |       |     4 |    13 |     9 |     7 |    14 |    11 ||    58
         Sacrifice Essence |       |       |       |     1 |       |       |       |       |       ||     1
         Sacrifice Durabil |       |       |       |     1 |       |       |       |       |       ||     1
Ability: End Transformatio |       |       |       |       |       |     3 |     2 |     1 |       ||     6
    Use: Scroll            |     7 |     2 |     7 |     3 |    17 |    14 |     5 |    14 |     8 ||    77
         Potion            |     1 |       |     1 |     1 |     5 |     9 |     7 |       |    19 ||    43
   Stab: Invisible         |       |     1 |     2 |     2 |     1 |     5 |     2 |     1 |     5 ||    19
         Sleeping          |       |     1 |       |     2 |     3 |     1 |    15 |    10 |     7 ||    39
         Paralysed         |       |       |     1 |     6 |    20 |    12 |    10 |    25 |    21 ||    95
         Petrified         |       |       |       |     5 |     3 |       |       |       |       ||     8
         Petrifying        |       |       |       |     1 |       |       |       |       |       ||     1
         Distracted        |       |       |       |       |     9 |     2 |    11 |    17 |     4 ||    43
         Confused          |       |       |       |       |       |       |       |       |     3 ||     3
 Armour: Leather armour    |     9 |    36 |    55 |   118 |   128 |     2 |       |       |       ||   348
         Skin              |       |       |       |       |   230 |   377 |   377 |   402 |   202 ||  1588
         Robe              |       |       |       |       |       |     6 |    16 |    21 |     5 ||    48
  Dodge: Dodged            |    34 |    71 |   121 |   261 |  1070 |   922 |  1379 |  1019 |   343 ||  5220
  Block: Buckler           |       |       |       |       |       |   342 |   313 |    58 |       ||   713
         Reflection        |       |       |       |       |       |    20 |       |       |       ||    20
         Other             |       |       |       |       |       |    12 |       |       |       ||    12
         Tower shield      |       |       |       |       |       |       |       |  1808 |   820 ||  2628

Table legend: (Time is in decaauts)
 A = Elapsed time spent in this place.
 B = Non-inter-level travel time spent in this place.
 C = Inter-level travel time spent in this place.
 D = Time resting spent in this place.
 E = Time spent auto-exploring this place.
 F = Levels seen in this place.
 G = Mean time per level.
                   A        B        C        D        E       F      G
               +--------+--------+--------+--------+--------+-----+--------+
         Total |  73447 |  66956 |   6491 |   3494 |  47114 |  54 | 1360.1 |
       Dungeon |  18599 |  16246 |   2353 |    843 |  12167 |  15 | 1239.9 |
          Lair |  10419 |   9460 |    959 |    709 |   7085 |   5 | 2083.8 |
        Shoals |   5877 |   5644 |    233 |    612 |   3542 |   4 | 1469.2 |
   Spider Nest |   6590 |   6160 |    430 |    537 |   4334 |   4 | 1647.5 |
  Orcish Mines |   2743 |   2403 |    340 |      0 |   1845 |   2 | 1371.5 |
   Elven Halls |   3640 |   3448 |    192 |    190 |   2377 |   3 | 1213.3 |
        Vaults |   8981 |   7971 |   1010 |     26 |   5841 |   5 | 1796.2 |
         Crypt |   3340 |   3203 |    137 |     46 |   2145 |   3 | 1113.3 |
        Depths |   5297 |   4865 |    432 |    429 |   3020 |   4 | 1324.2 |
           Zot |   5758 |   5357 |    401 |    102 |   3638 |   5 | 1151.6 |
         Abyss |    890 |    890 |      0 |      0 |    236 |   3 |  296.7 |
    Desolation |   1307 |   1307 |      0 |      0 |    881 |   1 | 1307.0 |
               +--------+--------+--------+--------+--------+-----+--------+

Top non-repeatable levels by time:
  Lair:2: 2622 daAuts
  Lair:5: 2570 daAuts
  Lair:4: 2135 daAuts
Vaults:5: 2121 daAuts
Spider:4: 1972 daAuts
Vaults:4: 1847 daAuts
    D:11: 1812 daAuts
Vaults:3: 1748 daAuts
  Lair:1: 1689 daAuts
Vaults:1: 1683 daAuts
Shoals:1: 1675 daAuts
   Elf:3: 1665 daAuts
Spider:3: 1664 daAuts
Shoals:4: 1647 daAuts
   Orc:2: 1633 daAuts
